AoeStats
← waLLefps.

Pilgrims

507150195Analyzed
2v2 RM · 15d ago on Sep 16, 2026· 45m 21s· 4 players
Game mode
Random Map
Map size
Medium (4 player)
Population
200
Speed
Normal
Resources
Standard
Victory
Conquest
Starting age
Dark Age
Ending age
Imperial Age
RankedLock teamsTeams togetherTeam positionsShared explorationLock speedFull tech treeHidden civsTurbo modeCheats
Victory
Defeat
🇷🇺 Armenians · Russia
1775
+5
🇧🇾 Burgundians · Belarus
1769
+5
🇹🇷 Inca · Türkiye
1498
-5
🇹🇷 Magyars · Türkiye
1491
-5
waLLefps.
7:34 Loom
11:35 Feudal Age
15:16 Castle Age
17:10 Careening
17:12 Medium Warships
26:38 Fletching
41:47 Wheelbarrow
43:28 Hand Cart
43:29 Double-Bit Axe
43:37 Horse Collar
Tameryig1t
8:53 Loom
11:05 Feudal Age
16:46 Castle Age
16:28 Double-Bit Axe
16:24 Horse Collar
19:08 Wheelbarrow
18:42 Scale Barding Armor
25:03 Gold Mining
25:03 Stone Mining
26:53 Hand Cart
30:30 Gold Shaft Mining
32:29 Chain Barding Armor
32:24 Fletching
32:58 Thumb Ring
34:06 Bodkin Arrow
35:20 Ballistics
35:03 Padded Archer Armor
36:01 Bow Saw
42:35 Imperial Age
43:41 Conscription
44:53 Parthian Tactics
Oni.Vinchester
5:52 Double-Bit Axe
5:55 Loom
10:01 Feudal Age
8:44 Fishing Lines
10:42 Gillnets
11:03 Bow Saw
10:56 Town Watch
17:51 Wheelbarrow
19:54 Castle Age
31:59 Horse Collar
32:11 Gold Mining
33:28 Two-Man Saw
33:51 Hand Cart
36:05 Heavy Plow
41:17 Imperial Age
39:21 Stone Mining
40:07 Gold Shaft Mining
39:57 Treadmill Crane
40:30 Scale Barding Armor
40:20 Cavalier
41:14 Forging
41:37 Husbandry
42:18 Chain Barding Armor
42:33 Conscription
42:50 Iron Casting
41:49 Paladin
43:15 Crop Rotation
43:50 Chemistry
44:13 Plate Barding Armor
46:29 Blast Furnace
45:53 Ballistics
45:44 Masonry
45:45 Fortified Wall
SMY
2:53 Loom
10:44 Feudal Age
11:40 Double-Bit Axe
11:58 Fletching
13:27 Fishing Lines
16:18 Castle Age
15:26 Scale Mail Armor
16:40 Wheelbarrow
17:25 Chain Mail Armor
17:21 Bow Saw
19:09 Herbal Medicine
19:27 Medium Warships
19:17 Bodkin Arrow
21:49 Forging
22:30 Pikeman
25:19 Halberdier
28:44 Squires
30:43 Arson
32:10 Iron Casting
32:41 Horse Collar
35:30 Man-at-Arms
36:28 Gillnets
39:16 Ballistics
39:03 Padded Archer Armor
40:12 Leather Archer Armor
47:02 Imperial Age
Connection lost

Rejoining the realm…

Still unreachable

The connection could not be restored.

Session expired

The server has moved on; the page needs a fresh start.